Map: Dusk Towers

Players

Miszu - Winner!

  • Race: Protoss Protoss
  • League: Master

BettyWhite

  • Race: Zerg Zerg
  • League: Master

VOD

Have the link to the VOD?

Description

Time

  • Played on: April 1, 2016, 6:06 p.m.
  • Length: 13:03
Show
View Real Time Build Order
Export as new Build Order

Miszu Protoss - Winner!

Build Orders: 1 Gate Expand, Phoenix Opening 

Get SALT Encoding   

  12  0:01  Probe (Chrono Boost)  
  13  0:11  Probe (Chrono Boost)  
  14  0:22  Probe (Chrono Boost)  
  14  0:23  Pylon  
  15  0:41  Probe (Chrono Boost)  
  16  0:51  Gateway  
  16  0:52  Probe (Chrono Boost)  
  17  1:02  Probe (Chrono Boost), Assimilator  
  18  1:13  Probe (Chrono Boost)  
  19  1:23  Nexus  
  19  1:26  Probe (Chrono Boost)  
  20  1:32  Assimilator  
  20  1:37  Probe (Chrono Boost)  
  21  1:44  Cybernetics Core  
  21  1:47  Probe (Chrono Boost)  
  21  1:53  Pylon  
  22  2:00  Probe (Chrono Boost)  
  23  2:12  Probe (Chrono Boost)  
  24  2:22  Adept  
  27  2:23  Warp Gate  
  27  2:25  Stargate  
  27  2:28  Probe (Chrono Boost)  
  27  2:36  Probe (Chrono Boost)  
  28  2:38  Probe (Chrono Boost)  
  29  2:47  Probe (Chrono Boost)  
  29  2:49  Mothership Core (Chrono Boost)  
  32  2:51  Adept  
  32  2:57  Probe (Chrono Boost)  
  35  3:07  Probe x2 (Chrono Boost)  
  35  3:09  Phoenix (Chrono Boost)  
  39  3:16  Probe  
  39  3:19  Probe  
  41  3:27  Probe  
  41  3:31  Probe  
  41  3:33  Nexus  
  43  3:35  Pylon  
  43  3:40  Phoenix (Chrono Boost), Probe  
  46  3:52  Probe  
  46  3:53  Probe  
  48  3:55  Pylon  
  48  4:02  Phoenix (Chrono Boost)  
  50  4:04  Probe  
  50  4:05  Probe  
  52  4:12  Gateway  
  52  4:13  Gateway  
  52  4:15  Probe  
  53  4:17  Probe  
  53  4:24  Phoenix (Chrono Boost)  
  56  4:25  Assimilator, Probe  
  56  4:26  Assimilator  
  56  4:29  Probe  
  58  4:36  Probe  
  59  4:41  Probe  
  59  4:44  Probe  
  61  4:46  Probe  
  62  4:54  Robotics Facility, Forge, Probe  
  62  4:55  Probe  
  62  4:57  Twilight Council, Probe  
  65  5:06  Phoenix (Chrono Boost), Probe x2  
  68  5:07  Probe  
  70  5:20  Probe x2  
  70  5:21  Probe  
  73  5:31  Probe x2  
  73  5:33  Probe  
  76  5:35  Protoss Ground Weapons Level 1  
  76  5:36  Resonating Glaives  
  76  5:38  Pylon  
  76  5:41  Probe  
  76  5:42  Robotics Facility  
  76  5:44  Pylon  
  76  5:49  Pylon  
  77  5:51  Pylon  
  77  5:54  Probe x2  
  77  5:56  Probe  
  80  6:05  Probe x2  
  82  6:12  Gateway  
  82  6:13  Gateway  
  82  6:15  Gateway, Immortal  
  82  6:17  Gateway  
  86  6:21  Gateway  
  86  6:29  Probe x2  
  86  6:30  Probe  
  89  6:33  Adept x3, Pylon  
  89  6:34  Immortal  
  99  6:41  Pylon  
  99  6:42  Probe  
  100  6:48  Probe  
  100  6:50  Probe  
  102  6:54  Immortal  
  104  7:02  Adept x3  
  104  7:07  Assimilator x2  
  110  7:08  Pylon  
  110  7:10  Pylon  
  110  7:11  Adept x2, Pylon  
  110  7:13  Pylon  
  110  7:14  Observer  
  115  7:16  Charge  
  115  7:24  Pylon, Zealot x5  
  115  7:27  Pylon  
  115  7:28  Sentry  
  127  7:33  Immortal  
  127  7:35  Pylon  
  127  7:36  Zealot x2  
  135  7:38  Protoss Ground Weapons Level 2 (Chrono Boost)  
  130  7:59  Immortal  
  130  8:01  Zealot x2  
  130  8:02  Adept, Zealot  
  130  8:03  Adept, Stalker x2  
  130  8:04  Adept  
  150  8:12  Warp Prism  
  152  8:20  Templar Archives  
  152  8:25  Gateway  
  152  8:27  Gateway  
  152  8:37  Adept x4, Nexus  
  152  8:38  Observer, Pylon  
  152  8:39  Zealot x2  
  165  8:54  Zealot x2  
  169  8:58  High Templar x3  
  169  8:59  High Templar x2  
  169  9:00  Zealot  
  169  9:02  Archon  
  181  9:03  Archon  
  166  9:16  Zealot  
  148  9:17  Zealot  
  140  9:31  Zealot x5  
  144  9:32  Zealot  
  144  9:48  Zealot x2  
  144  9:52  Warp Prism  
  134  9:53  Immortal  
  134  9:57  Adept x4  
  134  9:58  Adept x4  
  156  10:09  High Templar x2  
  160  10:14  Archon  
  160  10:23  Adept x4  
  160  10:24  Adept x4  
  176  10:32  Immortal x2  
  184  10:42  High Templar x2  
  188  10:45  High Templar x2  
  188  10:46  Zealot x4  
  188  10:47  Archon  
  188  10:49  Archon  
  200  10:54  Assimilator x2  
  200  10:55  Pylon  
  200  11:00  Psionic Storm  
  198  11:31  Zealot x3  
  198  11:32  Zealot x3  
  170  11:33  Zealot  
  170  11:34  Zealot  
  148  11:40  Zealot  
  148  11:41  Zealot  
  152  11:52  Zealot x4  
  152  11:53  Zealot x3  
  166  11:54  Zealot  
  158  12:08  Zealot  
  158  12:09  Zealot  
  146  12:28  Zealot x5  
  146  12:29  Zealot x4  
  151  12:50  Zealot x2  
  151  12:51  Zealot x5  
  151  12:52  Zealot x3  
Show
View Real Time Build Order
Export as new Build Order

BettyWhite Zerg 

Build Orders: Hatch First, Lurkers 

Get SALT Encoding   

  12  0:01  Drone  
  13  0:13  Overlord  
  13  0:18  Drone  
  14  0:31  Drone x2  
  14  0:35  Drone  
  17  0:55  Hatchery  
  16  0:58  Drone  
  16  1:03  Drone  
  17  1:17  Spawning Pool  
  16  1:20  Drone  
  16  1:23  Drone  
  18  1:44  Hatchery  
  18  1:46  Drone  
  18  1:51  Drone  
  18  1:53  Drone  
  20  2:00  Overlord  
  20  2:08  Queen  
  20  2:12  Zergling x2  
  20  2:14  Zergling x2  
  24  2:22  Queen  
  26  2:25  Drone  
  26  2:27  Drone  
  28  2:32  Overlord  
  28  2:35  Drone  
  29  2:42  Drone  
  30  2:45  Drone  
  30  2:50  Drone  
  32  2:54  Queen  
  32  2:55  Overlord  
  32  2:56  Drone  
  35  3:00  Drone  
  35  3:04  Overlord  
  36  3:07  Drone  
  37  3:14  Drone  
  37  3:16  Queen  
  37  3:18  Queen  
  42  3:21  Drone  
  42  3:23  Drone  
  42  3:25  Drone  
  42  3:26  Drone  
  46  3:29  Overlord  
  46  3:34  Drone x2  
  48  3:36  Drone  
  48  3:37  Drone  
  48  3:40  Drone x2  
  52  3:42  Drone  
  52  3:46  Extractor x2  
  52  3:47  Extractor, Drone  
  52  3:48  Extractor  
  50  3:50  Drone  
  50  3:53  Spore Crawler  
  50  3:58  Drone x3  
  50  4:00  Drone x2  
  55  4:04  Drone, Spore Crawler  
  55  4:07  Drone x2  
  57  4:13  Drone x3  
  57  4:16  Spore Crawler  
  59  4:21  Overlord  
  59  4:23  Drone  
  60  4:24  Drone x2  
  60  4:25  Drone  
  60  4:28  Overlord, Drone  
  60  4:30  Drone  
  65  4:32  Overlord  
  65  4:34  Drone  
  66  4:39  Lair  
  66  4:48  Drone x3  
  66  4:49  Drone x3  
  66  4:50  Overlord  
  72  4:57  Drone x2, Evolution Chamber x2  
  72  4:58  Drone  
  72  5:00  Drone x2  
  72  5:02  Extractor  
  72  5:03  Extractor  
  72  5:08  Pneumatized Carapace  
  72  5:10  Queen  
  74  5:17  Drone x2  
  74  5:21  Overlord  
  74  5:22  Drone  
  74  5:24  Zerg Missile Weapons Level 1  
  75  5:37  Zerg Ground Armor Level 1  
  75  5:40  Drone x7  
  75  5:41  Drone  
  83  5:43  Hydralisk Den  
  83  5:46  Queen  
  84  5:51  Queen  
  86  6:03  Overlord x3  
  86  6:04  Overlord  
  86  6:09  Overlord x3  
  85  6:18  Hatchery  
  84  6:28  Hydralisk x2  
  84  6:29  Hydralisk x7  
  84  6:30  Hydralisk x3  
  108  6:39  Hydralisk x2  
  112  6:41  Metabolic Boost  
  112  6:46  Hydralisk, Muscular Augments  
  112  6:47  Hydralisk x2  
  111  6:51  Hydralisk  
  119  6:56  Hydralisk x2  
  119  6:57  Hydralisk  
  119  7:01  Hydralisk x2  
  124  7:02  Hydralisk  
  130  7:10  Hydralisk x3  
  130  7:11  Hydralisk  
  130  7:15  Overlord  
  138  7:18  Hydralisk x2  
  142  7:26  Zerg Missile Weapons Level 2  
  142  7:31  Overlord x2, Drone x3  
  142  7:36  Hydralisk x3  
  150  7:45  Hydralisk x3  
  134  7:59  Hydralisk x4  
  134  8:05  Zergling x22  
  149  8:11  Hydralisk x2  
  157  8:16  Overlord x2, Queen  
  157  8:17  Spore Crawler  
  158  8:20  Lurker Den  
  158  8:22  Zergling x2  
  159  8:30  Hydralisk  
  159  8:31  Hydralisk x2  
  165  8:34  Hydralisk x3  
  165  8:38  Overlord  
  171  8:54  Hydralisk x3  
  171  8:55  Hydralisk x4  
  181  8:59  Hydralisk  
  187  9:04  Hydralisk x2  
  187  9:08  Hydralisk  
  183  9:10  Zergling x10  
  152  9:19  Hydralisk  
  152  9:22  Hydralisk x4  
  144  9:24  Zergling x4  
  144  9:29  Zergling x8  
  146  9:34  Hydralisk x2  
  150  9:39  Hydralisk x2  
  150  9:42  Hydralisk  
  149  9:47  Hydralisk x2  
  149  9:50  Hydralisk  
  119  9:54  Hydralisk x2  
  119  9:56  Zergling x4  
  119  9:57  Zergling x2  
  126  10:02  Hydralisk  
  126  10:03  Hydralisk  
  126  10:04  Zergling x2  
  126  10:05  Zergling x2  
  132  10:11  Lurker  
  132  10:13  Lurker  
  134  10:19  Lurker  
  135  10:26  Lurker  
  135  10:27  Zergling x10  
  135  10:28  Zergling x8  
  145  10:32  Drone x3  
  145  10:34  Lurker  
  149  10:39  Overseer  
  149  10:43  Lurker  
  149  10:44  Extractor  
  149  10:45  Zergling x8  
  149  10:47  Extractor, Spore Crawler  
  149  10:48  Lurker  
  152  10:52  Zergling x12  
  158  11:02  Lurker x2  
  160  11:06  Overlord x2, Zergling x2  
  161  11:11  Hydralisk  
  161  11:12  Hydralisk x2  
  161  11:14  Zergling x4  
  169  11:20  Lurker  
  169  11:22  Drone x3  
  173  11:28  Hydralisk x4  
  146  11:34  Hydralisk x2  
  146  11:37  Zergling x2  
  146  11:38  Zergling x14  
  141  11:42  Lurker x2  
  141  11:43  Zergling x4  
  141  11:44  Zergling x2  
  134  11:47  Drone  
  132  11:54  Hydralisk x2  
  132  11:55  Hydralisk  
  132  11:56  Zergling x2  
  134  12:07  Hydralisk x4  
  126  12:14  Hydralisk x2  
  126  12:15  Zergling x2  
  122  12:20  Hydralisk  
  116  12:29  Hydralisk x2  
  119  12:35  Hydralisk  
  117  12:38  Zergling x4  
Tags
 
Add a new tag
Caveats
  • Supply blocks, unpowered buildings, or Contaminate may cause inaccurate times.
  • Supply counts are checked every 10 seconds.